 Dungeon Crawl Stone Soup version 0.27-a0-1065-ge809cff456 (webtiles) character file.

Game seed: 1648814370154166891

35 tardwrangler69 the Firebug (level 3, 0/21 HPs)
             Began as an Octopode Fire Elementalist on Apr 22, 2021.
             Slain by an adder (3 damage)
             ... on level 1 of the Dungeon.
             The game lasted 00:01:41 (1376 turns).

tardwrangler69 the Firebug (OpFE)                   Turns: 1376, Time: 00:01:41

Health: 0/21       AC:  1    Str:  7    XL:     3   Next: 35%
Magic:  4/6        EV: 13    Int: 18    God:
Gold:   43         SH:  0    Dex: 12    Spells: 6/7 levels left

rFire    . . .     SeeInvis .   c - +0 long sword
rCold    . . .     Faith    .   (no shield)
rNeg     . . .     Spirit   .   (helmet restricted)
rPois    .         Reflect  .   (no amulet)
rElec    .         Harm     .   (no ring)
rCorr    .         Rampage  .   (no ring)
Will     .....                  (no ring)
Stlth    +++.......             (no ring)
HPRegen  0.07/turn              (no ring)
MPRegen  0.10/turn              (no ring)
                                (no ring)
                                (no ring)

@: no status effects
A: almost no armour, amphibious, 8 rings, camouflage 1, gelatinous body 1,
(nimble swimmer 1), tentacles
a: no special abilities


You were on level 1 of the Dungeon.
You visited 1 branch of the dungeon, and saw 2 of its levels.

You collected 43 gold pieces.

Inventory:

Hand Weapons
 c - a +0 long sword (weapon)
Scrolls
 a - a scroll of enchant weapon {unknown}
 e - 2 scrolls of silence {unknown}
 f - a scroll of teleportation {unknown}
 h - a scroll of fog {unknown}
Potions
 b - a potion of haste {unknown}
 d - a potion of ambrosia {unknown}
 g - 2 potions of attraction {unknown}


   Skills:
 - Level 2.0 Dodging
 - Level 2.6 Stealth
 + Level 2.5 Spellcasting
 - Level 1.0 Conjurations
 * Level 4.0 Fire Magic


You had 6 spell levels left.
You knew the following spells:

 Your Spells              Type           Power      Damage    Failure   Level
a - Foxfire               Conj/Fire      44%        2x1d6     6%          1

Your spell library contained the following spells:

 Spells                   Type           Power      Damage    Failure   Level
 Conjure Flame            Conj/Fire      11%        6-21      19%         3
 Inner Flame              Hex/Fire       9%         N/A       22%         3
 Sticky Flame             Conj/Fire      11%        2d3       52%         4
 Fireball                 Conj/Fire      5%         3d5       86%         5


Dungeon Overview and Level Annotations

Branches:
Dungeon (2/15)

Altars:

Annotations:
D:1 Terence


Innate Abilities, Weirdness & Mutations

You cannot wear most types of armour.
You are amphibious.
You can wear up to eight rings at the same time.
Your skin changes colour to match your surroundings (Stealth+).
Your rubbery body absorbs attacks. (AC +1, EV +1)
((You are camouflaged near water. (Stealth+)))
You have tentacles for arms and can constrict up to eight enemies at once.


Message History

Terence is wielding a +0 falchion and carrying a wand of flame (20).
Found a kite shield.
There is a stone staircase leading up here.
There are monsters nearby!
There are monsters nearby!
There are monsters nearby!
Casting: Foxfire (safe; 6% risk of failure)
Confirm with . or Enter, or press ? or * to list all spells.
You conjure some foxfire!
Casting: Foxfire (safe; 6% risk of failure)
Confirm with . or Enter, or press ? or * to list all spells.
You miscast Foxfire.
You are very lightly contaminated with residual magic.
Nothing appears to happen.
The adder hisses angrily.
Terence shouts!
The foxfire hits the giant cockroach but does no damage.
The foxfire hits the adder.
The adder is heavily wounded.
You hear an angry hiss.
You hear a shout! x8
Casting: Foxfire (safe; 6% risk of failure)
Confirm with . or Enter, or press ? or * to list all spells.
You conjure some foxfire!
The adder bites you. x2
Terence says, "Did you write a will?
You should..."
The foxfire hits the giant cockroach but does no damage.
The foxfire hits Terence but does no damage.
The adder closely misses you. Terence closely misses you.
You riposte.
You barely miss Terence. You grab Terence.
You lose your grip on Terence.
You climb upwards.
There is a stone staircase leading down here.
Terence zaps a wand.
The puff of flame hits you!
* * * LOW HITPOINT WARNING * * *
The adder misses you. Terence barely misses you.
Your magical contamination has completely faded away.
The adder closely misses you.
You riposte.
You closely miss the adder. Your grab misses the adder.
The adder is moderately wounded.
The adder bites you.
* * * LOW HITPOINT WARNING * * *
The adder bites you.
You die...

#.# #.....##.........# #.#
#.....##...#.##.## #.#
#..###.#.....##.# ###.# #..#
#.#..##.##.# ##.#.##
##.###.#.....##.# ##.#...##
##...###>..@...#
#.#..#..######.## ####.####
...##.##.......#######.#
..##.).##.......@S@....#
.####.####..#...#################
.#.#♣#♣#.#..#...# #.........
#.⌠.# #.♣.#.#...########.#.##.##.
.#.#♣#♣#.#..#.#.##.........##....
..#.#.###.....#.##.##.##.#....##.
.###.⌠.###......##.##.##.#.##.##.
.)#.#.#.##.#...###.##............
.#.###.#.#.....# #.##.#.......###


You could see Terence and an adder.

Vanquished Creatures
  2 dart slugs (D:1)
  2 ball pythons (D:1)
  3 endoplasms (D:1)
  2 giant cockroaches (D:1)
  3 goblins (D:1)
  4 hobgoblins (D:1)
  3 jackals (D:1)
  2 kobolds (D:1)
  A bat (D:1)
  A frilled lizard (D:1)
  4 rats (D:1)
27 creatures vanquished.

Vanquished Creatures (others)
  12 foxfires
12 creatures vanquished.

Grand Total: 39 creatures vanquished

Notes
Turn   | Place    | Note
-------+----------+-------------------------------------------
     0 | D:1      | tardwrangler69 the Octopode Fire Elementalist began the
                  | quest for the Orb.
     0 | D:1      | Reached XP level 1. HP: 11/11 MP: 3/3
   439 | D:1      | Reached XP level 2. HP: 17/17 MP: 5/5
   768 | D:1      | Reached XP level 3. HP: 14/21 MP: 0/6
  1209 | D:1      | Reached skill level 4 in Fire Magic
  1361 | D:2      | Noticed Terence
  1376 | D:1      | Slain by an adder

Illustrated notes

Levels and vault maps discovered:
D:1:      lightli_arrival_statue_moat, layout_loops_cross,
          grunt_decor_mini_mirrors, minmay_quantized
D:2:      layout_basic, shapermc_ecumenical_altar_gd, uniq_jessica, uniq_robin,
          uniq_terence

Skill      XL: |  1  2  3 |
---------------+----------+-----
Fire Magic     | 4 |  4.0
Dodging        | |  2.0
Stealth        | |  2.6
Spellcasting   | |  2.5
Conjurations   | |  1.0

Action                   || total
-------------------------++-------
Melee: Unarmed           ||    10
       Long sword        ||    32
       Constrict         ||    13
       Tentacles         ||     4
 Cast: Foxfire           ||     8
 Stab: Sleeping          ||     7
Dodge: Dodged            ||    35
       Rpst.: Long sword ||     9

Table legend: (Time is in decaauts)
 A = Elapsed time spent in this place.
 B = Non-inter-level travel time spent in this place.
 C = Inter-level travel time spent in this place.
 D = Time resting spent in this place.
 E = Time spent auto-exploring this place.
 F = Levels seen in this place.
 G = Mean time per level.
                   A        B        C        D        E       F      G
               +--------+--------+--------+--------+--------+-----+--------+
         Total |   1388 |   1362 |     26 |      7 |   1181 |   2 |  694.0 |
       Dungeon |   1388 |   1362 |     26 |      7 |   1181 |   2 |  694.0 |
               +--------+--------+--------+--------+--------+-----+--------+

Top non-repeatable levels by time:
     D:1: 1383 daAuts
     D:2: 4 daAuts
